 Dungeon Crawl Stone Soup version 0.16.1-2-g95b8d4c (webtiles) character file.

67 RobertPalmer the Cutter (level 4, 0/29 HPs)
             Began as an Octopode Warper on Mar 26, 2015.
             Succumbed to poison (a potion of poison)
             ... on level 2 of the Dungeon.
             The game lasted 00:01:54 (1845 turns).

RobertPalmer the Cutter (Octopode Warper)           Turns: 1845, Time: 00:01:54

Health: 0/29       AC:  1    Str: 15    XL:     4   Next: 18%
Magic:  7/7        EV: 18    Int: 15    God:
Gold:   112        SH:  0    Dex: 17    Spells: 1 memorised, 6 levels left

rFire  . . .     SeeInvis .     a - +0 short sword
rCold  . . .     Clarity  .     (no shield)
rNeg   . . .     SustAb   .     (helmet restricted)
rPois  .         Gourm    .     (no amulet)
rElec  .         Spirit   .     (no ring)
rCorr  .         Warding  .     (no ring)
rMut   .         Stasis   .     (no ring)
MR     .....                    (no ring)
Stlth  ++++......               (no ring)
                                (no ring)
                                (no ring)
                                (no ring)

@: mighty, agile, lethally poisoned (0 -> -21), not resistant to hostile
enchantments, stealthy
A: almost no armour, amphibious, 8 rings, constrict 8, camouflage 1, gelatinous
body 1
a: no special abilities


You were on level 2 of the Dungeon.
You were not hungry.

You visited 1 branch of the dungeon, and saw 2 of its levels.

You collected 112 gold pieces.

Inventory:

Hand weapons
 a - a +0 short sword (weapon)
Missiles
 e - 5 tomahawks of dispersal {=f}
 l - 20 poisoned needles
Scrolls
 d - a scroll of blinking {!r}
 g - a scroll of fear {unknown}
 i - 2 scrolls of identify {unknown}
 k - 2 scrolls of teleportation {unknown}
Potions
 h - a potion of cancellation {unknown}
 o - a potion of might
Books
 c - a book of Spatial Translocations
Comestibles
 b - 2 beef jerkies
 f - a bread ration {@e1}


   Skills:
 - Level 2.0 Fighting
 + Level 4.3 Short Blades
 - Level 1.0 Throwing
 - Level 2.3 Dodging
 - Level 2.0 Spellcasting
 - Level 3.0 Translocations


You had 6 spell levels left.
You knew the following spells:

 Your Spells              Type           Power        Failure   Level  Hunger
g - Apportation           Tloc           ##........   8%          1    #......


Dungeon Overview and Level Annotations

Branches:
Dungeon (2/15)

Altars:
Dithmenos


Innate Abilities, Weirdness & Mutations

You cannot wear most types of armour.
You are amphibious.
You can wear up to eight rings at the same time.
You can use your tentacles to constrict many enemies at once.
Your skin changes colour to match your surroundings (Stealth).
Your rubbery body absorbs attacks (AC +1).


Message History

A goblin comes into view. It is wielding a club.
A goblin is nearby!
A goblin is nearby!
A goblin is nearby!
Aim: a goblin, wielding a club (resting)
You throw a tomahawk. The tomahawk hits the goblin.
You kill the goblin!
No target in view!
No target in view!
No target in view!
No target in view!
Found a shadowy altar of Dithmenos.
Found a stone staircase leading up.
p - a purple potion A rat comes into view.
Things that are here:
a tomahawk; a club; a goblin corpse A giant gecko, a rat and a kobold come into view.
Aim: a giant gecko (clinging, resting)
You throw a tomahawk. The tomahawk hits the giant gecko.
You hit the giant gecko but do no damage.
You grab the giant gecko.
You constrict the giant gecko, but do no damage.
The giant gecko misses you.
You hit the giant gecko.
You kill the giant gecko!
The kobold throws a stone.
The stone closely misses you.
Aim: a kobold, wielding a club You throw a tomahawk.
The tomahawk hits the kobold!
You kill the kobold!
An adder comes into view.
A rat comes into view.
The helpless rat fails to defend itself.
You hit the rat!
You kill the rat!
You barely miss the rat. Your grab misses the rat.
The rat moves out of view.
The rat barely misses you.
You hit the rat.
You kill the rat!
You see here a rat corpse.
The helpless adder fails to defend itself.
You hit the adder. Your grab misses the adder. The adder bites you.
You take 5 damage, and have 19/24 hp.
MASSIVE DAMAGE!!
You miss the adder. Your grab misses the adder. The adder bites you.
You are poisoned.
The adder poisons you! The adder barely misses you.
You take 1 damage, and have 18/24 hp.
You hit the adder. Your grab misses the adder.
You feel sick. The adder bites you.
You are more poisoned.
The adder poisons you!
You take 3 damage, and have 15/24 hp.
You miss the adder. Your grab misses the adder.
You feel sick. The adder bites you.
You are lethally poisoned!
The adder poisons you!
You take 4 damage, and have 11/24 hp.
You barely miss the adder. You grab the adder. You constrict the adder.
You feel sick. The adder closely misses you.
You take 1 damage, and have 10/24 hp.
You hit the adder. You squeeze the adder. You constrict the adder.
You feel sick. The adder barely misses you.
You take 1 damage, and have 9/24 hp.
You hit the adder.
You kill the adder!
You have reached level 4!
You feel sick.
MP restored: 7 Unknown command.
You hit the rat but do no damage. You grab the rat. You constrict the rat.
* * * LOW HITPOINT WARNING * * *
You feel sick. The rat bites you.
* * * LOW HITPOINT WARNING * * *
You take 3 damage, and have 6/29 hp.
You hit the rat.
You kill the rat!
* * * LOW HITPOINT WARNING * * *
You feel sick.
You take 1 damage, and have 5/29 hp.
Unknown command.
Drink which item? (? for menu, Esc to quit)
It was a potion of might.
You feel very mighty all of a sudden.
* * * LOW HITPOINT WARNING * * *
You feel sick.
You take 1 damage, and have 4/29 hp.
Drink which item? (? for menu, Esc to quit)
It was a potion of magic.
Magic courses through your body.
Drink which item? (? for menu, Esc to quit)
It was a potion of poison.
That liquid tasted very nasty...
You are more poisoned.
* * * LOW HITPOINT WARNING * * *
You feel sick.
You take 2 damage, and have 2/29 hp.
Drink which item? (? for menu, Esc to quit)
It was a potion of agility.
You feel agile all of a sudden.
You die...

..............#......§#§§.
......#####.#....[...#§#§#
......# #.##........§.§
##...(#####.##.......#§#§
#..........###...(...#§
##....†.....###.##(#####§#
....................)....§#
.......†....###..#.#######
............# ##@#.r.
##..........# #†#.....
#..........# #.....!...
#..........# ##.......
############ ...... .....
..... .... .


There were no monsters in sight!

Vanquished Creatures
  An adder (D:2)
  A gnoll (D:1)
  A worm (D:2)
  3 giant geckos
  2 giant cockroaches (D:1)
  5 goblins
  2 hobgoblins
  6 jackals (D:2)
  5 bats
  2 giant newts
  7 kobolds
  8 rats
43 creatures vanquished.

Notes
Turn   | Place    | Note
--------------------------------------------------------------
     0 | D:1      | RobertPalmer, the Octopode Warper, began the quest for the Orb.
     0 | D:1      | Reached XP level 1. HP: 14/14 MP: 3/3
   367 | D:1      | Reached XP level 2. HP: 16/19 MP: 4/4
   385 | D:1      | HP: 3/19 [gnoll (7)]
   386 | D:1      | Reached skill level 3 in Short Blades
   823 | D:1      | Reached XP level 3. HP: 24/24 MP: 6/6
  1746 | D:2      | Reached skill level 4 in Short Blades
  1813 | D:2      | Found a shadowy altar of Dithmenos.
  1839 | D:2      | Reached XP level 4. HP: 10/29 MP: 7/7
  1840 | D:2      | HP: 6/29 [rat (2)]
  1844 | D:2      | HP: 2/29 [poison (a potion of poison)]
  1845 | D:2      | Succumbed to poison (a potion of poison)

Action                   |  1- 3 |  4- 6 || total
-------------------------+-------+-------++-------
Melee: Short sword       |    82 |     2 ||    84
Throw: Tomahawk          |    32 |       ||    32
  Use: Potion            |       |     4 ||     4
 Stab: Sleeping          |     4 |       ||     4
  Eat: Chunk             |     3 |       ||     3

Vault maps used:
D:1:      arrival_zaba_pyramid, minmay_misc_feat_square
D:2:      grunt_dithmenos_smoke_and_mirrors

Table legend:
 A = Turns spent in this place as a percentage of turns spent in the entire game.
 B = Non-inter-level travel turns spent in this place as a percentage of non-inter-level travel turns spent in the entire game.
 C = Inter-level travel turns spent in this place as a percentage of turns spent in this place.
 D = Turns resting spent in this place as a percentage of non-inter-level travel turns spent in this place.
 E = Turns spent auto-exploring this place as a percentage of non-inter-level travel turns spent in this place.
 F = Non-inter-level travel turns spent in this place divided by the number of levels of this place that you've seen.
                   A       B       C       D       E      F
               +-------+-------+-------+-------+-------+----------------------
         Total | 100.0 | 100.0 |   0.2 |   2.6 |  10.0 | 231.0
       Dungeon | 100.0 | 100.0 |   0.2 |   2.6 |  10.0 | 231.0
               +-------+-------+-------+-------+-------+----------------------

Table legend:
 A = Kills in this place as a percentage of kills in entire the game.
 B = Kills by you in this place as a percentage of kills by you in the entire game.
 C = Kills by friends in this place as a percentage of kills by friends in the entire game.
 D = Other kills in this place as a percentage of other kills in the entire game.
 E = Experience gained in this place as a percentage of experience gained in the entire game.
 F = Experience gained in this place divided by the number of levels of this place that you have seen.
                   A       B       C       D       E      F
               +-------+-------+-------+-------+-------+----------------------
         Total | 100.0 | 100.0 |  -nan |  -nan | 100.0 |  48.5
       Dungeon | 100.0 | 100.0 |  -nan |  -nan | 100.0 |  48.5
               +-------+-------+-------+-------+-------+----------------------
